 Dungeon Crawl Stone Soup version 0.26-a0-1013-gf6ffb0d6bd (webtiles) character file.

Game seed: 14043529235352678406

281 lunkers the Chiller (level 6, -1/32 HPs)
             Began as a Deep Elf Ice Elementalist on Dec 7, 2020.
             Slain by Natasha (8 damage)
             ... on level 2 of the Dungeon.
             The game lasted 00:02:44 (1788 turns).

lunkers the Chiller (Deep Elf Ice Elementalist)     Turns: 1788, Time: 00:02:45

Health: -1/32      AC:  3    Str:  5    XL:     6   Next: 6%
Magic:  12/15      EV: 12    Int: 22    God:
Gold:   50         SH:  4    Dex: 15    Spells: 8/15 levels left

rFire    . . .     SeeInvis .   (no weapon)
rCold    + . .     Faith    .   d - +0 buckler
rNeg     . . .     Spirit   .   a - +0 robe
rPois    .         Reflect  .   (no helmet)
rElec    .         Harm     .   j - +0 cloak
rCorr    .         Rampage  .   (no gloves)
Will     .....                  (no boots)
Stlth    ++........             (no amulet)
HPRegen  0.10/turn              n - ring of protection from cold
MPRegen  0.14/turn              (no ring)

@: slowed, very slow
A: no striking features
a: no special abilities


You were on level 2 of the Dungeon.
You visited 1 branch of the dungeon, and saw 2 of its levels.

You collected 50 gold pieces.

Inventory:

Armour
 a - a +0 robe (worn)
 d - a +0 buckler (worn)
 j - a +0 cloak (worn)
Jewellery
 n - a ring of protection from cold (left hand)
Scrolls
 g - a scroll of teleportation {unknown}
 h - a scroll of noise {unknown}
 i - a scroll of enchant armour {unknown}
 k - a scroll of fog {unknown}
Potions
 b - a potion of curing {unknown}
 c - a potion of flight {unknown}
 e - a potion of heal wounds
 f - 2 potions of attraction {unknown}
 l - 2 potions of invisibility {unknown}
 m - a potion of lignification {unknown}


   Skills:
 - Level 2.4 Dodging
 - Level 2.4 Stealth
 + Level 2.1 Shields
 + Level 5.0 Spellcasting
 * Level 6.5 Ice Magic


You had 8 spell levels left.
You knew the following spells:

 Your Spells              Type           Power        Failure   Level
a - Freeze                Ice            ####         1%          1
b - Frozen Ramparts       Ice            ####..       2%          3
c - Ozocubu's Armour      Ice            ####....     2%          3

Your spell library contained the following spells:

 Spells                   Type           Power        Failure   Level
 Hailstorm                Conj/Ice       ###.....     32%         4
 Summon Ice Beast         Ice/Summ       ###.....     32%         4


Dungeon Overview and Level Annotations

Branches:
Dungeon (2/15)

Altars:

Annotations:
D:2 Natasha


Message History

Natasha claws you.
* * * LOW HITPOINT WARNING * * *
Casting: Freeze (safe; 1% risk of failure)
Confirm with . or Enter, or press ? or * to list all spells.
Aiming: Freeze (safe; 1% risk of failure)
Press: ? - help, Shift-Dir - straight line, f - Natasha
Aim: Natasha, carrying a wand of flame (13)
You freeze Natasha.
Natasha is moderately wounded.
Natasha barely misses you. Natasha claws you.
* * * LOW HITPOINT WARNING * * *
Casting: Freeze (safe; 1% risk of failure)
Confirm with . or Enter, or press ? or * to list all spells.
Aiming: Freeze (safe; 1% risk of failure)
Press: ? - help, Shift-Dir - straight line, f/p - Natasha
Aim: Natasha, carrying a wand of flame (13) (moderately wounded)
You freeze Natasha.
Natasha is heavily wounded.
Natasha claws you!
You die...

.##............####...#
#†....##.
...............####...#
#...####.
.......#######........#
#...# #. .......#
####........###...####.
.......#
#.............#......#.
.......#
#.............#......#.
########
#.............#......##
#.............#...####
#(.<.h@...†...#####
#.............#
#.............#
...............#
.................#
.[................#
..................#
...(..#############


You could see Natasha.

Vanquished Creatures
  Sigmund (D:2)
  Natasha (twice) (D:2)
  2 adders (D:2)
  2 oozes
  2 worms (D:2)
  A dart slug (D:1)
  3 leopard geckos (D:1)
  3 giant cockroaches (D:1)
  3 goblins
  6 hobgoblins
  7 jackals
  A kobold (D:1)
  7 bats
  2 frilled lizards (D:1)
  9 rats
51 creatures vanquished.

Notes
Turn   | Place    | Note
-------+----------+-------------------------------------------
     0 | D:1      | lunkers the Deep Elf Ice Elementalist began the quest for
                  | the Orb.
     0 | D:1      | Reached XP level 1. HP: 10/10 MP: 6/6
   204 | D:1      | Reached XP level 2. HP: 9/15 MP: 6/8
   628 | D:1      | Reached skill level 5 in Ice Magic
   908 | D:1      | Reached XP level 3. HP: 19/19 MP: 6/10
  1126 | D:1      | Learned a level 3 spell: Frozen Ramparts
  1130 | D:1      | Learned a level 3 spell: Ozocubu's Armour
  1287 | D:2      | Reached skill level 1 in Shields
  1406 | D:2      | Reached XP level 4. HP: 20/24 MP: 7/11
  1453 | D:2      | Noticed Sigmund
  1454 | D:2      | Noticed Natasha
  1457 | D:2      | Killed Sigmund
  1458 | D:2      | Reached skill level 6 in Ice Magic
  1458 | D:2      | Reached XP level 5. HP: 16/28 MP: 7/14
  1459 | D:2      | Killed Natasha
  1769 | D:2      | Noticed Natasha
  1776 | D:2      | Killed Natasha
  1777 | D:2      | Reached skill level 5 in Spellcasting
  1777 | D:2      | Reached XP level 6. HP: 26/32 MP: 11/15
  1783 | D:2      | Noticed Natasha
  1788 | D:2      | Slain by Natasha

Illustrated notes

Levels and vault maps discovered:
D:1:      minmay_arrival_arboretum_large, layout_loops_corners,
          dk_noncrumbling_3
D:2:      layout_basic, riverfiend_overflow_shadow_ancestor, minmay_tall_x,
          uniq_sigmund, uniq_natasha

Skill      XL: |  1  2  3  4  5 |
---------------+----------------+-----
Ice Magic      | 5 6 |  6.5
Shields        | 1 2 |  2.1
Spellcasting   | 4 5 |  5.0
Dodging        | |  2.4
Stealth        | |  2.4

Action                   |  1- 3 |  4- 6 || total
-------------------------+-------+-------++-------
 Cast: Freeze            |    58 |    18 ||    76
       Frozen Ramparts   |     1 |     2 ||     3
Armor: Robe              |    12 |       ||    12
Dodge: Dodged            |    41 |     9 ||    50
Block: Buckler           |     7 |     4 ||    11

Table legend: (Time is in decaauts)
 A = Elapsed time spent in this place.
 B = Non-inter-level travel time spent in this place.
 C = Inter-level travel time spent in this place.
 D = Time resting spent in this place.
 E = Time spent auto-exploring this place.
 F = Levels seen in this place.
 G = Mean time per level.
                   A        B        C        D        E       F      G
               +--------+--------+--------+--------+--------+-----+--------+
         Total |   1804 |   1787 |     17 |     98 |   1405 |   2 |  902.0 |
       Dungeon |   1804 |   1787 |     17 |     98 |   1405 |   2 |  902.0 |
               +--------+--------+--------+--------+--------+-----+--------+

Top non-repeatable levels by time:
     D:1: 1232 daAuts
     D:2: 572 daAuts
